 Dungeon Crawl Stone Soup version 0.30.0-29-ga12c61a403 (webtiles) character file.

Game seed: 15742006855803270137

27576 Peloso the Fencer (level 13, 0/119 HPs)
             Began as a Minotaur Fighter on June 3, 2023.
             Was the Champion of Okawaru.
             Slain by a sun demon (18 damage)
             ... summoned by an orc high priest
             ... on level 2 of the Orcish Mines.
             The game lasted 00:43:52 (15287 turns).

Peloso the Fencer (Minotaur Fighter)               Turns: 15287, Time: 00:43:52

Health: 0/119      AC: 18    Str: 24    XL:     13   Next: 5%
Magic:  21/21      EV:  9    Int:  5    God:    Okawaru [******]
Gold:   2092       SH:  6    Dex: 12    Spells: 12/12 levels left

rFire   . . .        a - +7 demon blade of the Dead {vamp, MP+9}
rCold   + . .        d - +0 buckler
rNeg    . . .        I - +2 plate armour {rC+}
rPois   .            e - +0 hat {SInv}
rElec   .            z - +1 cloak
rCorr   .            K - +0 pair of gloves
SInv    +            F - +2 pair of boots
Will    .....        y - amulet of regeneration Stlth
                     M - +4 ring of protection
HPRegen 1.19/turn    (no ring)
MPRegen 0.17/turn

%: no passive effects
@: corroded
A: horns 2, retaliatory headbutt
a: Renounce Religion, Heroism, Finesse, Duel


You were on level 2 of the Orcish Mines.
You worshipped Okawaru.
Okawaru was exalted by your worship.
You visited 4 branches of the dungeon, and saw 18 of its levels.
You also visited: Sewer and Bailey.

You collected 2092 gold pieces.

Inventory:

Hand Weapons
 a - the +7 demon blade of the Dead (weapon) {vamp, MP+9}
   (You found it on level 2 of the Lair of Beasts)

   MP:        It affects your magic capacity (+9).
 b - a +0 scimitar of flaming
Armour
 c - a +0 chain mail
 d - a +0 buckler (worn)
 e - a +0 hat of see invisible (worn)
 z - a +1 cloak (worn)
 F - a +2 pair of boots (worn)
 I - a +2 plate armour of cold resistance (worn)
 K - a +0 pair of gloves (worn)
Jewellery
 g - a ring of fire
 w - a +4 ring of slaying
 y - an amulet of regeneration (around neck)
 A - a +6 ring of intelligence
 L - a ring of poison resistance
 M - a +4 ring of protection (left hand)
Wands
 j - a wand of charming (30)
 m - a wand of polymorph (3)
 o - a wand of flame (32)
 B - a wand of digging (5)
 Q - a wand of light (1)
 R - a wand of iceblast (4)
Scrolls
 i - 6 scrolls of teleportation
 k - 3 scrolls of noise
 r - 2 scrolls of silence
 t - 4 scrolls of poison
 u - 4 scrolls of amnesia
 v - 4 scrolls of fog
 x - 2 scrolls of immolation
 D - 3 scrolls of magic mapping
 E - 2 scrolls of identify
 G - a scroll of brand weapon
 H - 3 scrolls of enchant weapon
Potions
 f - a potion of flight
 h - 2 potions of heal wounds
 l - a potion of brilliance
 n - 4 potions of curing
 p - a potion of resistance
 q - a potion of mutation
 s - a potion of cancellation
 C - a potion of invisibility
 J - a potion of magic
 N - a potion of ambrosia
Miscellaneous
 O - a box of beasts
 P - a phantom mirror
 S - a lightning rod (4/4)


   Skills:
 + Level 12.4 Fighting
 + Level 15.3 Long Blades
 + Level 14.0 Armour
 + Level 4.2 Dodging
 + Level 1.3 Stealth
 + Level 10.6 Shields
 + Level 0.9 Invocations
 + Level 3.5 Evocations


You had 12 spell levels left.
You didn't know any spells.
Your spell library contained the following spells:

 Spells                   Type           Power      Damage    Failure   Level
 Blink                    Tloc           0%         N/A       100%        2
 Cigotuvi's Dreadful Rot  Necr/Pois/Air  0%         N/A       100%        2
 Lesser Beckoning         Tloc           0%         N/A       100%        2
 Momentum Strike          Conj/Tloc      0%         3d8       100%        2
 Gell's Gravitas          Tloc           0%         N/A       100%        3
 Inner Flame              Hex/Fire       0%         N/A       100%        3
 Teleport Other           Tloc           0%         N/A       100%        3
 Dispel Undead            Necr           0%         3d6       100%        4
 Flame Wave               Conj/Fire      0%         2d4       100%        4
 Petrify                  Tmut/Erth      0%         N/A       100%        4
 Sticky Flame             Conj/Fire      0%         2d3       100%        4
 Metabolic Englaciation   Hex/Ice        0%         N/A       100%        5
 Statue Form              Tmut/Erth      0%         N/A       100%        6
 Death Channel            Necr           Unusable   N/A       N/A         6

Dungeon Overview and Level Annotations

Branches:
Dungeon (12/15)            Temple (1/1) D:7            Lair (3/5) D:9
  Swamp (0/4) Lair:2       Spider (0/4) Lair:3          Orc (2/2) D:11
  Sewer (visited)          Bailey (visited)
    Elf: Orc:2

Altars:
Ashenzari
Dithmenos
Fedhas
Gozag
Kikubaaqudgha
Makhleb
Nemelex Xobeh
Okawaru
Qazlal
Ru
Sif Muna
Trog
Uskayaw
Vehumet
Wu Jian
Xom
Yredelemnul
Zin
The Shining One

Annotations:
D:5 1 runed translucent door, mistmaker's ghost, novice TeAE
D:7 Flight
D:9 1 runed translucent door, Banquo's ghost, journeyman DjVM
Lair:1 2 transporters, SharpKris's ghost, journeyman GnFi


Innate Abilities, Weirdness & Mutations

You have a pair of horns on your head.
You reflexively headbutt those who attack you in melee.


Message History

The orc wizard barely misses you. You furiously retaliate!
You headbutt the orc wizard, but do no damage.
The orc high priest hits you with a +0 scimitar.
* * * LOW HITPOINT WARNING * * *
The orc warrior shoots a bolt.
The bolt hits you.
* * * LOW HITPOINT WARNING * * *
You barely miss the orc high priest.
The orc high priest is heavily wounded.
The sun demon hits you!
* * * LOW HITPOINT WARNING * * *
You are engulfed in flames!
* * * LOW HITPOINT WARNING * * *
The orc wizard hits you but does no damage.
The orc high priest utters an invocation to Beogh.
The orc warrior shoots a bolt.
The bolt hits you.
* * * LOW HITPOINT WARNING * * *
Okay, then.
You feel much better.
The sun demon hits you but does no damage.
The orc wizard hits you but does no damage.
The orc high priest hits you with a +0 scimitar!
* * * LOW HITPOINT WARNING * * *
Unknown command.
You feel much better. The sun demon hits you.
* * * LOW HITPOINT WARNING * * *
You are engulfed in flames!
* * * LOW HITPOINT WARNING * * *
The orc wizard hits you but does no damage.
The orc high priest hits you but does no damage.
The sun demon hits you!
* * * LOW HITPOINT WARNING * * *
You are engulfed in flames!
* * * LOW HITPOINT WARNING * * *
The ynoxinul gestures.
The orc warrior unwields a +2 arbalest of freezing.
The orc warrior wields a +0 dire flail.
You block the orc warrior's attack.
You feel much better. The sun demon hits you.
* * * LOW HITPOINT WARNING * * *
You are engulfed in flames!!
You die...

..............## ..
...............## ......
....###.........##.#....
...#.###................
.).### #................
))<## #...<............
))).####.......o#oo.....
..).##.#.......o#oo5....
.).....#......##@345....
...............##o35....
..............## ##.....
.............## ....
............## ..#
...........## ..
............# .
............##
.....#.......#


You could see an orc high priest, a sun demon (summoned), a ynoxinul (summoned),
a chaos spawn (summoned), an orc warrior, an orc wizard (invisible), 4 orcs and
3 ufetubi.

Vanquished Creatures
  An orc warlord (Bailey)
  An ice dragon (Lair:2)
  3 boulder beetles
  Erica (D:11)
  2 two-headed ogres
  A skyshark (Lair:3)
  An orc sorcerer (Orc:1)
  2 manticores
  2 oklob plants (Lair:3)
  3 cyclopes (D:12)
  An ice statue (Lair:2)
  A black mamba (Lair:3)
  7 cane toads
  2 rime drakes
  6 komodo dragons
  2 polar bears (Lair:2)
  6 trolls
  3 tyrant leeches (Lair:2)
  A hornet (D:7)
  3 blink frogs (Lair:3)
  Sigmund (D:2)
  A jumping spider (Lair:3)
  3 wyverns
  22 yaks
  3 shadows (D:12)
  A wraith (D:12)
  A redback (Lair:3)
  4 vampire mosquitoes (D:11)
  A warg (Orc:2)
  A swamp worm (Lair:2)
  12 water moccasins
  8 orc warriors
  5 ice beasts (Lair:2)
  3 wolves (Lair:1)
  8 centaurs
  5 ogres
  A kobold brigand (D:7)
  9 bullfrogs
  A scorpion (D:5)
  2 gnoll sergeants
  6 electric eels
  3 hounds
  Crazy Yiuf (D:3)
  5 orc priests
  2 jellies
  5 iguanas
  Terence (D:3)
  13 orc wizards
  Robin (D:3)
  17 adders
  13 gnolls
  A shadow imp (D:6)
  5 white imps
  A worm (D:2)
  2 dart slugs
  44 orcs
  9 ball pythons
  7 endoplasms
  2 giant cockroaches
  15 hobgoblins
  14 kobolds
  4 quokkas
  7 bats
  7 frilled lizards
  12 goblins
  7 rats
345 creatures vanquished.

Vanquished Creatures (others)
  A rat (D:1)
1 creature vanquished.

Grand Total: 346 creatures vanquished

Notes
Turn   | Place    | Note
-------+----------+-------------------------------------------
     0 | D:1      | Peloso the Minotaur Fighter began the quest for the Orb.
     0 | D:1      | Reached XP level 1. HP: 19/19 MP: 0/0
   290 | D:1      | Reached XP level 2. HP: 27/27 MP: 1/1
   823 | D:2      | Reached XP level 3. HP: 33/33 MP: 2/2
   918 | D:2      | Reached skill level 3 in Long Blades
   971 | D:2      | Found a faded altar of an unknown god.
  1203 | D:2      | Reached XP level 4. HP: 37/40 MP: 3/3
  1230 | D:2      | Noticed Sigmund
  1630 | D:3      | Reached skill level 1 in Dodging
  1635 | D:3      | Reached skill level 5 in Armour
  1690 | D:3      | Reached XP level 5. HP: 25/46 MP: 4/4
  1722 | D:3      | Reached skill level 4 in Long Blades
  1808 | D:3      | Found a glowing drain.
  1808 | D:3      | Noticed Terence
  1817 | Sewer    | Entered a sewer
  2245 | D:3      | Killed Terence
  2246 | D:3      | Reached skill level 5 in Long Blades
  2246 | D:3      | Reached XP level 6. HP: 51/53 MP: 5/5
  2286 | D:3      | Noticed Robin
  2309 | D:3      | Killed Robin
  2720 | D:3      | Found a runed translucent door.
  2721 | D:3      | Noticed Crazy Yiuf
  2801 | D:3      | Found a shimmering blue altar of Sif Muna.
  2810 | D:3      | Found an ancient bone altar of Kikubaaqudgha.
  3386 | D:4      | Found a glowing golden altar of the Shining One.
  3578 | D:4      | Reached skill level 6 in Long Blades
  3578 | D:4      | Reached XP level 7. HP: 41/60 MP: 6/6
  3959 | D:5      | Entered Level 5 of the Dungeon
  4001 | D:4      | Reached skill level 5 in Fighting
  4166 | D:4      | Reached skill level 5 in Shields
  4661 | D:5      | Found a runed translucent door.
  4736 | D:5      | Noticed mistmaker's ghost (novice TeAE)
  4801 | D:5      | Reached skill level 7 in Long Blades
  5123 | D:5      | Reached XP level 8. HP: 45/70 MP: 7/7
  5606 | D:2      | Killed Sigmund
  5759 | D:3      | Killed Crazy Yiuf
  5951 | D:6      | Reached skill level 8 in Long Blades
  6271 | D:7      | Found a staircase to the Ecumenical Temple.
  6556 | D:7      | Found a flagged portal.
  6557 | D:7      | Noticed a hornet
  6562 | D:7      | Paralysed by a hornet for 2 turns
  6565 | Bailey   | Entered a bailey
  6740 | Bailey   | Noticed an orc knight
  6740 | Bailey   | Noticed an orc sorcerer
  6777 | Bailey   | Reached XP level 9. HP: 53/79 MP: 8/8
  6792 | Bailey   | Found a runed translucent gate.
  6942 | Bailey   | Noticed an orc warlord
  7017 | Bailey   | Found a runed translucent gate.
  7017 | Bailey   | Found a runed translucent gate.
  7050 | Bailey   | Killed an orc warlord
  7051 | Bailey   | Reached skill level 9 in Long Blades
  7051 | Bailey   | Reached skill level 1 in Evocations
  7072 | Bailey   | Identified the staff of poison "Ciamag" {rPois rF++ Will-
                  | Str+3 Stlth+}
  7076 | Bailey   | Acquired 939 gold pieces
  7218 | D:7      | Reached skill level 10 in Long Blades
  7735 | Temple   | Entered the Ecumenical Temple
  7855 | Temple   | Became a worshipper of Warmaster Okawaru
  8206 | D:8      | Noticed a rime drake
  8207 | D:8      | Found the +4 skin of Zhor {*Englaciate rC+++ SInv}
  8332 | D:8      | Noticed a rime drake
  8511 | D:9      | Found a staircase to the Lair.
  8528 | D:9      | Found a runed translucent door.
  8529 | D:9      | Found a shimmering altar of Xom.
  8529 | D:9      | Noticed Banquo's ghost (journeyman DjVM)
  8529 | D:9      | Noticed a +2 hand axe of chaos
  8893 | D:9      | Reached skill level 1 in Stealth
  9038 | D:9      | Found a shadowy altar of Dithmenos.
  9076 | D:9      | Noticed a troll
  9093 | D:9      | Killed a troll
  9093 | D:9      | Reached * piety under Okawaru
  9094 | D:9      | Reached XP level 10. HP: 58/90 MP: 9/9
  9192 | D:9      | You fall into a shaft and drop 2 floors!
  9222 | D:10     | Entered Level 10 of the Dungeon
 10512 | D:11     | Noticed a boulder beetle
 10523 | D:11     | Killed a boulder beetle
 10524 | D:11     | Reached skill level 11 in Long Blades
 10524 | D:11     | Reached skill level 10 in Armour
 10559 | D:11     | Noticed Erica
 10573 | D:11     | Killed Erica
 10604 | D:11     | Reached ** piety under Okawaru
 10661 | D:11     | Noticed a two-headed ogre
 10667 | D:11     | Killed a two-headed ogre
 10724 | D:11     | Noticed a manticore
 10744 | D:11     | Killed a manticore
 10812 | D:11     | Reached skill level 12 in Long Blades
 10901 | D:11     | Found a staircase to the Orcish Mines.
 11073 | Lair:1   | Entered Level 1 of the Lair of Beasts
 11088 | Lair:1   | Reached XP level 11. HP: 79/97 MP: 10/10
 11130 | Lair:1   | Reached *** piety under Okawaru
 11380 | Lair:1   | Reached **** piety under Okawaru
 11381 | Lair:1   | Reached skill level 10 in Fighting
 11475 | Lair:1   | Found a transporter.
 11485 | Lair:1   | Noticed SharpKris's ghost (journeyman GnFi)
 11553 | Lair:1   | Reached skill level 13 in Long Blades
 11681 | Lair:1   | Found a transporter.
 12086 | Lair:2   | Reached ***** piety under Okawaru
 12154 | Lair:2   | Noticed an ice dragon
 12172 | Lair:2   | Killed an ice dragon
 12361 | Lair:2   | Identified the +7 demon blade of the Dead {vamp, MP+9}
 12513 | Lair:2   | Identified the +3 hat "Zemom" {Int+4} (Okawaru gifted it to
                  | you on level 2 of the Lair of Beasts)
 12513 | Lair:2   | Received a gift from Okawaru
 12572 | Lair:2   | Reached XP level 12. HP: 62/108 MP: 11/11
 12580 | Lair:2   | Reached skill level 14 in Long Blades
 12937 | Lair:2   | Found a staircase to the Swamp.
 13226 | Lair:3   | Reached skill level 10 in Shields
 13302 | Lair:3   | Noticed a boulder beetle
 13317 | Lair:3   | Killed a boulder beetle
 13351 | Lair:3   | Found a hole to the Spider Nest.
 13898 | Lair:3   | Found a blossoming altar of Fedhas.
 14345 | D:12     | Reached skill level 15 in Long Blades
 14447 | D:12     | Noticed a two-headed ogre
 14457 | D:12     | Killed a two-headed ogre
 14457 | D:12     | Reached ****** piety under Okawaru
 14735 | D:12     | Noticed a boulder beetle
 14753 | D:12     | Killed a boulder beetle
 14868 | Orc:1    | Entered Level 1 of the Orcish Mines
 14979 | Orc:2    | Entered Level 2 of the Orcish Mines
 14996 | Orc:1    | Reached XP level 13. HP: 118/118 MP: 12/12
 15021 | Orc:1    | Received a gift from Okawaru
 15284 | Orc:2    | HP: 4/119 [sun demon[an orc high priest] (11)]
 15284 | Orc:2    | HP: 1/119 [orc warrior/bolt (3)]
 15287 | Orc:2    | Slain by a sun demon

Illustrated notes

Levels and vault maps discovered:
D:1:      dpeg_arrival_rooms_with_view, layout_rooms, serial_forest,
          infiniplex_forest_clump_tiny, infiniplex_forest_end_2,
          infiniplex_forest_zigzag_1, infiniplex_forest_clump_tiny,
          infiniplex_forest_clump_C, infiniplex_forest_lined_4_way,
          infiniplex_forest_diagonal, lemuel_flame_loot_1
D:2:      layout_basic, shapermc_ecumenical_altar_notcrosses,
          minmay_misc_feat_encased, uniq_sigmund
D:3:      layout_loops_ring, mainiacjoe_overflow_swirl,
          cheibrodos_sewer_entry_drain, uniq_terence, uniq_robin,
          uniq_crazy_yiuf_cottage
D:4:      layout_basic, mainiacjoe_overflow_concentric_impassable,
          minmay_misc_feat_nine_boxes
D:5:      layout_cave_pods, ebering_ghost_sewer_d,
          hangedman_abyss_or_decor_lesser_grid
D:6:      layout_rooms, minmay_tree_intersection
D:7:      layout_loops_corners, minmay_temple_entry_water_ring, enter_bailey_3,
          water_boxes_lemuel
D:8:      layout_basic, nicolae_lava_and_water, hellmonk_guarded_unrand_zhor
D:9:      layout_gridville, marbit_many_paths, lair_entry_dummy,
          ebering_ghost_xom, grunt_decor_resistance, minmay_misc_feat_diagonals
D:10:     layout_basic
D:11:     layout_rooms, orc_0_dummy, minmay_liquid_box, uniq_erica
D:12:     layout_cave_pools, kennysheep_decorative_pillar
Temple:   dpeg_five_rooms_temple
Lair:1:   layout_misc_corridors, gammafunk_ghost_arena, serial_bayou_shore_b
Lair:2:   layout_regular_city, minmay_swamp_entry_worms,
          nicolae_quartered_pool_medium, ice2_lemuel
Lair:3:   layout_chaotic_city, spider_nest_entry_a, hangedman_tree_tricks,
          serial_bayou_shore_a, grunt_megastairs_4, infiniplex_staircase_pool_2
Orc:1:    layout_caves, uniq_sonja, uniq_gastronok
Orc:2:    st_orc_mages, layout_diamond_mine

Skill      XL: |  1  2  3  4  5  6  7  8  9 10 11 12 |
---------------+-------------------------------------+-----
Armour         | 4 5 6 7 9 11 12 14 | 14.0
Shields        | 4 5 6 7 9 10 | 10.6
Fighting       | 4 6 7 8 9 10 12 | 12.4
Long Blades    | 3 5 6 7 8 10 12 13 15 | 15.3
Dodging        | 1 2 3 4 |  4.2
Evocations     | 1 2 3 |  3.5
Stealth        | 1 |  1.3
Invocations    | |  0.9

Action                     |  1- 3 |  4- 6 |  7- 9 | 10-12 | 13-15 || total
---------------------------+-------+-------+-------+-------+-------++-------
  Melee: Long sword        |    69 |   187 |   324 |    35 |       ||   615
         Headbutt          |    10 |    25 |    50 |   160 |    20 ||   265
         Scimitar          |       |       |       |   268 |       ||   268
         Demon blade       |       |       |       |   316 |    77 ||   393
 Invoke: Heroism           |       |       |       |     7 |       ||     7
  Evoke: Wand              |       |     3 |    15 |    20 |       ||    38
    Use: Potion            |     3 |     2 |     5 |     1 |     3 ||    14
         Scroll            |       |    14 |     8 |     7 |       ||    29
 Armour: Scale mail        |    29 |       |       |       |       ||    29
         Chain mail        |    18 |   115 |   180 |     3 |       ||   316
         Plate armour      |       |       |       |   353 |    70 ||   423
  Dodge: Dodged            |    35 |    67 |   147 |   216 |    43 ||   508
  Block: Buckler           |    21 |    49 |    96 |   155 |    30 ||   351
